Match 47221511
Unlisted

Match 47221511
End
Construct Infanterie Kompanie
Grenadier Squad
Grenadier Squad
Selects Breakthrough Battlegroup
Selects Assault Grenadiers
Grenadier Squad
Grenadier Squad
Medical Station
Construct Luftwaffe Kompanie
ophone
_[IQ]_KING OF IRAQ_
Sasariu
Zzzz丶
阿波罗
ZeZwott
Yoddha
Jewoo
0
0

Comments sign in to comment!

No comments posted yet!